Map: Blackpink LE

Players

iGiA (iAsonu)

  • Race: Zerg Zerg
  • League: Diamond
  • Spawn Location: 1:00

Reynor - Winner!

  • Race: Zerg Zerg
  • Spawn Location: 7:00

Event: WESG 2017 Haikou

VOD

Have the link to the VOD?

Description

Time

  • Played on: March 15, 2018, 12:39 a.m.
  • Length: 6:40

All games in this series

Show
View Real Time Build Order
Export as new Build Order

iGiA Zerg 

Build Orders: Pool First 

Get SALT Encoding   

  12  0:00  Drone  
  13  0:12  Overlord  
  13  0:17  Drone  
  14  0:31  Drone x2  
  14  0:35  Drone  
  17  0:44  Spawning Pool  
  17  0:47  Drone  
  17  1:08  Hatchery  
  17  1:10  Drone  
  17  1:12  Extractor  
  17  1:15  Drone  
  17  1:18  Drone  
  18  1:31  Queen  
  18  1:32  Zergling x2  
  21  1:40  Overlord  
  21  1:50  Drone  
  22  2:03  Drone  
  22  2:07  Queen  
  25  2:11  Metabolic Boost  
  25  2:19  Queen  
  25  2:20  Overlord  
  27  2:26  Zergling x2  
  27  2:27  Zergling x2  
  29  2:32  Zergling x2  
  29  2:34  Zergling x2  
  31  2:42  Zergling x8  
  35  2:48  Zergling x2  
  36  2:54  Overlord  
  36  3:00  Zergling x2  
  36  3:03  Zergling x2  
  38  3:08  Evolution Chamber  
  38  3:11  Roach Warren  
  36  3:13  Zergling x2  
  36  3:19  Evolution Chamber  
  35  3:23  Zergling x2  
  35  3:24  Zergling x6  
  35  3:26  Zergling x2  
  40  3:32  Zergling x4  
  42  3:37  Zergling x2  
  43  3:53  Zergling x10  
  45  4:10  Zergling x4  
  45  4:16  Zergling x8  
  39  4:22  Zergling x2  
  39  4:31  Zergling x2  
  39  4:37  Hatchery  
  39  4:44  Zergling x2  
  39  4:45  Zergling x8  
  42  4:47  Drone  
  42  4:48  Drone  
  44  4:59  Baneling Nest  
  43  5:00  Zergling x2  
  43  5:04  Zergling x2  
  44  5:16  Zergling x6  
  46  5:31  Zergling x8  
  45  5:38  Zergling x2  
  45  5:39  Zergling x2  
  47  5:44  Baneling  
  47  5:45  Baneling x3  
  47  5:49  Baneling  
  47  5:53  Zergling x2  
  47  5:54  Zergling x2  
  47  6:15  Baneling x2  
  47  6:16  Zergling x2  
  39  6:19  Zergling x2  
  39  6:20  Zergling x8  
Show
View Real Time Build Order
Export as new Build Order

Reynor Zerg - Winner!

Build Orders: Hatch First 

Get SALT Encoding   

  12  0:00  Drone  
  13  0:12  Overlord  
  13  0:17  Drone  
  14  0:31  Drone x2  
  16  0:36  Drone  
  17  0:51  Hatchery  
  17  0:54  Drone  
  17  0:58  Drone  
  17  1:02  Extractor  
  17  1:14  Spawning Pool  
  17  1:16  Drone  
  17  1:20  Drone  
  18  1:28  Drone  
  19  1:42  Overlord  
  19  2:00  Queen  
  19  2:01  Zergling x4  
  23  2:02  Metabolic Boost  
  23  2:04  Queen  
  23  2:07  Zergling x2  
  26  2:13  Drone  
  26  2:14  Drone  
  28  2:27  Drone  
  29  2:36  Drone  
  30  2:40  Overlord  
  30  2:41  Zergling x2  
  31  2:44  Hatchery  
  31  2:47  Zergling x2  
  32  2:51  Zergling x2  
  32  2:56  Zergling x2  
  32  2:58  Drone  
  34  3:02  Queen  
  36  3:11  Drone x3  
  39  3:13  Drone x2  
  39  3:16  Drone  
  39  3:18  Drone  
  43  3:24  Overlord  
  43  3:26  Drone  
  44  3:31  Overlord  
  44  3:43  Evolution Chamber  
  44  3:46  Zergling x14  
  50  3:48  Zergling x2  
  50  3:49  Zergling x2  
  50  3:52  Zergling x2  
  50  3:54  Zergling x2  
  54  3:57  Zergling x4  
  56  4:05  Zergling x2  
  56  4:07  Zergling x2  
  56  4:08  Queen  
  56  4:09  Zergling x2  
  58  4:14  Zergling x4  
  58  4:15  Zergling x2  
  54  4:18  Zergling x4  
  54  4:20  Zergling x2  
  54  4:24  Evolution Chamber  
  56  4:32  Zergling x6  
  59  4:42  Zergling x6  
  61  4:48  Drone  
  61  4:50  Drone  
  61  4:51  Roach Warren, Drone  
  61  4:52  Queen  
  64  5:04  Zergling x4  
  65  5:07  Overlord  
  63  5:18  Zergling x12  
  63  5:21  Overlord  
  65  5:22  Overlord  
  63  5:30  Zergling x12  
  63  5:33  Zergling x2  
  58  5:38  Zergling x6  
  58  5:39  Zergling x2  
  58  5:42  Zergling x2  
  63  5:43  Zergling x2  
  63  5:47  Zergling x4  
  63  5:49  Zergling x2  
  67  5:53  Zergling x4  
  67  5:54  Zergling x2  
  70  6:04  Roach x3  
  75  6:18  Roach x2  
Tags
 
Add a new tag
Caveats
  • Supply blocks, unpowered buildings, or Contaminate may cause inaccurate times.
  • Supply counts are checked every 10 seconds.